 Dungeon Crawl Stone Soup version 0.27-a0-836-gfc908b8576 (webtiles) character file.

Game seed: 12668544959914422433

9 sizableburger the Ruffian (level 2, 0/28 HPs)
             Began as an Ogre Transmuter on Mar 31, 2021.
             Slain by a jackal (2 damage)
             ... on level 2 of the Dungeon.
             The game lasted 00:02:02 (207 turns).

sizableburger the Ruffian (Ogre Transmuter)          Turns: 207, Time: 00:02:03

Health: 0/28       AC:  3    Str: 13    XL:     2   Next: 12%
Magic:  5/5        EV:  9    Int: 14    God:
Gold:   0          SH:  0    Dex:  9    Spells: 5/6 levels left

rFire    . . .     SeeInvis .     - Unarmed
rCold    . . .     Faith    .   (no shield)
rNeg     . . .     Spirit   .   a - +0 robe
rPois    .         Reflect  .   (helmet currently unavailable)
rElec    .         Harm     .   (no cloak)
rCorr    .         Rampage  .   (gloves unavailable)
Will     .....                  (boots unavailable)
Stlth    +.........             (no amulet)
HPRegen  0.09/turn              (no ring)
MPRegen  0.09/turn              (no ring)

@: appendages (expiring)
A: horns 2, talons 2, large, unfitting armour, tough skin 1
a: End Transformation


You were on level 2 of the Dungeon.
You had temporarily grown beastly horns and talons.
You visited 1 branch of the dungeon, and saw 2 of its levels.

Inventory:

Armour
 a - a +0 robe (worn)


   Skills:
 + Level 1.8 Fighting
 - Level 1.7 Dodging
 + Level 2.8 Unarmed Combat
 + Level 2.6 Spellcasting
 + Level 2.0 Transmutations


You had 5 spell levels left.
You knew the following spells:

 Your Spells              Type           Power      Damage    Failure   Level
a - Beastly Appendage     Tmut           14%        N/A       10%         1

Your spell library contained the following spells:

 Spells                   Type           Power      Damage    Failure   Level
 Wereblood                Tmut           7%         N/A       14%         2
 Spider Form              Tmut/Pois      2%         N/A       41%         3
 Ice Form                 Ice/Tmut       4%         N/A       82%         4
 Hydra Form               Tmut           3%         N/A       95%         5


Dungeon Overview and Level Annotations

Branches:
Dungeon (2/15)

Altars:


Innate Abilities, Weirdness & Mutations

You have temporarily grown beastly horns and talons.
You are too large for most types of armour.
You have tough skin. (AC +1)


Message History

You hear a bark!
The kobold closely misses you.
A jackal comes into view.
You barely miss the kobold.
The kobold is severely wounded.
The kobold closely misses you.
You hit the kobold.
You kill the kobold!
The jackal closely misses you.
The jackal bites you but does no damage.
Your Transmutations skill increases to level 2!
You are too injured to fight recklessly!
You hit the jackal but do no damage.
A jackal comes into view.
The jackal barely misses you.
The jackal barks!
You hit the jackal but do no damage. You claw the jackal.
The jackal is almost dead.
Your transformation is almost over.
The jackal bites you.
* * * LOW HITPOINT WARNING * * *
The jackal closely misses you.
You hit the jackal.
You kill the jackal!
The jackal bites you.
* * * LOW HITPOINT WARNING * * *
Unknown command.
You miss the jackal. Your kick misses the jackal.
The jackal bites you but does no damage.
The jackal closely misses you. The jackal barely misses you.
The jackal bites you.
* * * LOW HITPOINT WARNING * * *
You completely miss the jackal. Your punch misses the jackal.
You closely miss the jackal. The jackal completely misses you.
You closely miss the jackal. Your kick misses the jackal.
The jackal closely misses you. The jackal bites you.
* * * LOW HITPOINT WARNING * * *
The jackal bites you but does no damage.
You hit the jackal but do no damage. The jackal bites you.
You die...

#..#####
#....h@#
..<[..h##
#.##...
....#
......
......
#..## #..


You could see 2 jackals.

Vanquished Creatures
  2 dart slugs (D:1)
  A hobgoblin (D:1)
  A jackal (D:2)
  A kobold (D:2)
5 creatures vanquished.

Vanquished Creatures (others)
  40 plants (D:1)
40 creatures vanquished.

Grand Total: 45 creatures vanquished

Notes
Turn   | Place    | Note
-------+----------+-------------------------------------------
     0 | D:1      | sizableburger the Ogre Transmuter began the quest for the
                  | Orb.
     0 | D:1      | Reached XP level 1. HP: 19/19 MP: 3/3
    37 | D:1      | Reached XP level 2. HP: 6/28 MP: 3/5
   142 | D:1      | HP: 1/28 [kobold/stone (1)]
   207 | D:2      | Slain by a jackal

Illustrated notes

Levels and vault maps discovered:
D:1:      roderic_crop_circles_arrival_small, layout_basic,
          minmay_split_cup_large
D:2:      layout_basic, roderic_lattice_a, guppyfry_early_lair_pool

Skill      XL: |  1  2 |
---------------+-------+-----
Transmutations | 2 |  2.0
Fighting       | |  1.8
Dodging        | |  1.7
Unarmed Combat | |  2.8
Spellcasting   | |  2.6

Action                   || total
-------------------------++-------
Melee: Unarmed           ||    34
       Kick              ||     4
       Headbutt          ||     2
 Cast: Beastly Appendage ||     2
Armor: Robe              ||    10
Dodge: Dodged            ||    19

Table legend: (Time is in decaauts)
 A = Elapsed time spent in this place.
 B = Non-inter-level travel time spent in this place.
 C = Inter-level travel time spent in this place.
 D = Time resting spent in this place.
 E = Time spent auto-exploring this place.
 F = Levels seen in this place.
 G = Mean time per level.
                   A        B        C        D        E       F      G
               +--------+--------+--------+--------+--------+-----+--------+
         Total |    204 |    204 |      0 |      0 |      7 |   2 |  102.0 |
       Dungeon |    204 |    204 |      0 |      0 |      7 |   2 |  102.0 |
               +--------+--------+--------+--------+--------+-----+--------+

Top non-repeatable levels by time:
     D:1: 191 daAuts
     D:2: 13 daAuts
